 Dungeon Crawl Stone Soup version 0.18-a0-1685-g4482fe3 (webtiles) character file.

567 Ijustatesigmund the Sneak (level 7, -7/47 HPs)
             Began as an Octopode Assassin on Apr 4, 2016.
             Mangled by a slave (8 damage)
             ... led by Pikel
             ... on level 4 of the Dungeon.
             The game lasted 00:09:34 (3751 turns).

Ijustatesigmund the Sneak (Octopode Assassin)       Turns: 3751, Time: 00:09:34

Health: -7/47      AC:  1    Str: 10    XL:     7   Next: 33%
Magic:  7/7        EV:  7    Int: 13    God:
Gold:   173        SH:  0    Dex: 16    Spells: 0 memorised, 6 levels left

rFire  . . .     SeeInvis .     n - +1 dagger (venom)
rCold  . . .     Gourm    .     (no shield)
rNeg   . . .     Faith    .     (helmet restricted)
rPois  .         Spirit   .     (no amulet)
rElec  .         Dismiss  .     (no ring)
rCorr  .         Reflect  .     (no ring)
SustAt .         Harm     .     (no ring)
MR     .....                    (no ring)
Stlth  +++++.....               (no ring)
                                (no ring)
                                (no ring)
                                (no ring)

@: held, not resistant to hostile enchantments, quite stealthy
A: almost no armour, amphibious, 8 rings, constrict 8, camouflage 1, gelatinous
body 1
a: no special abilities


You were on level 4 of the Dungeon.
You were very hungry.

You visited 1 branch of the dungeon, and saw 4 of its levels.

You collected 173 gold pieces.

Inventory:

Hand Weapons
 a - a +2 dagger
 b - a +0 blowgun
 n - a +1 dagger of venom (weapon)
Missiles
 c - 33 poisoned needles
 l - a curare-tipped needle
Wands
 d - a wand of random effects (25/48)
 g - a wand of digging (10/24)
Scrolls
 j - a scroll of fog
 m - 3 scrolls of magic mapping
 o - a scroll of identify
 p - 2 scrolls of remove curse
Potions
 e - a potion of magic
 h - a potion of curing
 i - a potion of flight {unknown}
Comestibles
 f - 3 bread rations
 k - 2 meat rations


   Skills:
 + Level 3.8 Fighting
 - Level 4.0 Short Blades
 - Level 4.0 Throwing
 - Level 3.2 Dodging
 - Level 7.0 Stealth


You had 6 spell levels left.
You didn't know any spells.

Dungeon Overview and Level Annotations

Branches:
Dungeon (4/15)
 Temple: D:4-7

Altars:
Qazlal

Annotations:
D:4 Pikel


Innate Abilities, Weirdness & Mutations

You cannot wear most types of armour.
You are amphibious.
You can wear up to eight rings at the same time.
You can use your tentacles to constrict eight enemies at once.
Your skin changes colour to match your surroundings (Stealth).
Your rubbery body absorbs attacks (AC +1).


Message History

You are held in a net!
You are held in a net!
You are held in a net!
You are held in a net!
You are held in a net!
You try to slip out of the net.
The gnoll closely misses you.
The gnoll hits you from afar with a spear!
The rat barely misses you.
You struggle against the net.
The gnoll hits you from afar with a spear.
The gnoll hits you with an enchanted flail.
The slave hits you!
* * * LOW HITPOINT WARNING * * *
The rat barely misses you.
You try to slip out of the net.
The gnoll hits you!
* * * LOW HITPOINT WARNING * * *
The gnoll hits you from afar with a spear.
* * * LOW HITPOINT WARNING * * *
The slave hits you!
You die...

#.#..$............
#.#................
...................
#.#................
#.#................
# #................
#............(...
.................
........g@p......
#.......pgr......
#......g.pK......
#................
#................
............S....
..........?.....
...............


You could see Pikel, 3 slaves, 3 gnolls, an adder (wandering) and a rat.

Vanquished Creatures
  Sigmund (D:2)
  2 ogres (D:4)
  2 orc wizards (D:3)
  Terence (D:3)
  A worker ant (D:4)
  Robin (D:2)
  A gnoll (D:4)
  5 adders
  A worm (D:2)
  2 dart slugs (D:1)
  3 giant geckos (D:1)
  3 orcs (D:3)
  13 goblins
  10 hobgoblins
  2 jackals (D:4)
  7 kobolds (D:1)
  A quokka (D:2)
  5 bats
  3 giant newts
  6 rats
70 creatures vanquished.

Notes
Turn   | Place    | Note
--------------------------------------------------------------
     0 | D:1      | Ijustatesigmund the Octopode Assassin began the quest for the Orb.
     0 | D:1      | Reached XP level 1. HP: 14/14 MP: 1/1
    80 | D:1      | Reached XP level 2. HP: 19/19 MP: 2/2
   851 | D:1      | Reached XP level 3. HP: 16/24 MP: 3/3
  1208 | D:2      | Noticed Robin
  1388 | D:2      | Killed Robin
  1388 | D:2      | Reached skill level 6 in Stealth
  1388 | D:2      | Reached XP level 4. HP: 29/29 MP: 4/4
  1803 | D:2      | Noticed Sigmund
  1830 | D:2      | Killed Sigmund
  1830 | D:2      | Reached skill level 7 in Stealth
  1830 | D:2      | Reached XP level 5. HP: 12/34 MP: 5/5
  2149 | D:2      | Reached XP level 6. HP: 37/39 MP: 6/6
  2688 | D:3      | Found a stormy altar of Qazlal.
  2794 | D:3      | Noticed Terence
  2809 | D:3      | Killed Terence
  3406 | D:4      | Reached XP level 7. HP: 46/46 MP: 7/7
  3745 | D:4      | Noticed Pikel
  3751 | D:4      | HP: 1/47 [gnoll/spear (5)]
  3751 | D:4      | Mangled by a slave

Vault maps used:
D:1:      grunt_arrival_lava_bath
D:2:      uniq_robin, uniq_sigmund
D:3:      grunt_qazlal_sundering, uniq_terence
D:4:      first_bread, uniq_grinder, uniq_crazy_yiuf_cottage, uniq_pikel

Skill      XL: |  1  2  3  4  5  6  7 |
---------------+----------------------+-----
Short Blades   | 3 4 |  4.0
Stealth        | 6 7 |  7.0
Throwing       | 3 4 |  4.0
Dodging        | 2 3 |  3.2
Fighting       | 3 |  3.8

Action                   |  1- 3 |  4- 6 |  7- 9 || total
-------------------------+-------+-------+-------++-------
Melee: Dagger            |    57 |    56 |    13 ||   126
 Fire: Blowgun           |     4 |    19 |     9 ||    32
  Use: Scroll            |     1 |    10 |       ||    11
 Stab: Sleeping          |     7 |    14 |       ||    21
       Distracted        |     1 |       |       ||     1
  Eat: Chunk             |     1 |     5 |       ||     6
       Pizza             |       |     1 |       ||     1
